 Dungeon Crawl Stone Soup version 0.29-a0-296-gda187f2e07 (webtiles) character file.

Game seed: 1757329442730639155

645 kae the Firebug (level 7, -4/40 HPs)
             Began as a Tengu Fire Elementalist on Mar 19, 2022.
             Slain by a black bear (6 damage)
             ... on level 4 of the Dungeon.
             The game lasted 00:05:09 (7895 turns).

kae the Firebug (Tengu Fire Elementalist)           Turns: 7895, Time: 00:05:10

Health: -4/40      AC:  2    Str:  8    XL:     7   Next: 52%
Magic:  4/13       EV: 14    Int: 18    God:
Gold:   153        SH:  0    Dex: 14    Spells: 3/12 levels left

rFire   . . .      SeeInvis .   d - +1 spear
rCold   . . .      Faith    .   (no shield)
rNeg    . . .      Spirit   .   a - +0 robe
rPois   .          Reflect  .   (helmet restricted)
rElec   .          Harm     .   (no cloak)
rCorr   .          Rampage  .   (no gloves)
Will    .....                   (boots unavailable)
Stlth   +++.......              (no amulet)
HPRegen 0.13/turn               (no ring)
MPRegen 0.13/turn               (no ring)

@: flying quickly and evasively, very slightly contaminated, quick
A: beak, talons 3, nimble flight
a: no special abilities


You were on level 4 of the Dungeon.
You visited 1 branch of the dungeon, and saw 4 of its levels.

You collected 153 gold pieces.

Inventory:

Hand Weapons
 d - a +1 spear (weapon)
Armour
 a - a +0 robe (worn)
Jewellery
 h - a ring of willpower
 s - a +6 ring of dexterity
Wands
 v - a wand of polymorph (1)
Scrolls
 g - 3 scrolls of teleportation
 l - a scroll of fog
Potions
 b - a potion of magic
 c - 3 potions of degeneration
 e - 4 potions of curing
 f - a potion of heal wounds {unknown}
 i - a potion of invisibility {unknown}
 j - a potion of ambrosia {unknown}
 k - a potion of mutation {unknown}
 o - a potion of brilliance {unknown}
 p - a potion of lignification {unknown}
 t - a potion of berserk rage {unknown}
 u - a potion of resistance {unknown}


   Skills:
 + Level 2.5 Fighting
 - Level 2.1 Dodging
 * Level 4.9 Stealth
 + Level 3.4 Spellcasting
 + Level 3.8 Conjurations
 * Level 5.7 Fire Magic


You had 3 spell levels left.
You knew the following spells:

 Your Spells              Type           Power      Damage    Failure   Level
a - Foxfire               Conj/Fire      80%        2x1d8     2%          1
b - Scorch                Fire           46%        2d7       2%          2
c - Conjure Flame         Conj/Fire      20%        6-21      7%          3
d - Inner Flame           Hex/Fire       13%        N/A       14%         3

Your spell library contained the following spells:

 Spells                   Type           Power      Damage    Failure   Level
 Flame Wave               Conj/Fire      20%        2d7       22%         4


Dungeon Overview and Level Annotations

Branches:
Dungeon (4/15)
 Temple: D:4-7

Altars:

Shops:
D:1 :   D:3 :

Annotations:
D:4 Edmund


Innate Abilities, Weirdness & Mutations

You have a beak for a mouth.
You have claws for feet.
Your magical nature lets you fly swiftly and evasively.


Message History

The black bear is severely wounded.
The kobold throws a stone.
The stone misses you.
The black bear goes berserk!
Casting: Foxfire (safe; 2% risk of failure)
Confirm with . or Enter, or press ? or * to list all spells.
You miscast Scorch.
You are very lightly contaminated with residual magic.
Nothing appears to happen.
The black bear rages.
Casting: Scorch (safe; 2% risk of failure)
Confirm with . or Enter, or press ? or * to list all spells.
You conjure some foxfire!
The foxfire hits the black bear.
The black bear is almost dead.
The foxfire hits the black bear.
The black bear is almost dead.
The black bear closely misses you. The black bear claws you.
The black bear misses you.
Casting: Foxfire (safe; 2% risk of failure)
Confirm with . or Enter, or press ? or * to list all spells.
You conjure some foxfire!
The black bear bites you. The black bear misses you. The black bear claws you.
The black bear misses you. The black bear claws you.
The black bear closely misses you.
The foxfire hits the black bear.
The black bear is almost dead.
The black bear closely misses you. The black bear claws you.
The black bear misses you.
Casting: Foxfire (safe; 2% risk of failure)
Confirm with . or Enter, or press ? or * to list all spells.
You conjure some foxfire!
The black bear bites you!
The black bear claws you but does no damage.
The black bear claws you.
* * * LOW HITPOINT WARNING * * *
The black bear bites you.
* * * LOW HITPOINT WARNING * * *
The black bear completely misses you. The black bear closely misses you.
The foxfire hits the black bear but does no damage.
The black bear is almost dead.
The black bear bites you!
* * * LOW HITPOINT WARNING * * *
The black bear claws you.
You die...

># .## ######
..####....#
..##...##.#
...#####..#
#..####..##
#...##...#
##..#....#########
##..............@#
###.....########h#
##.....## #K#
#.....## $KJ.....#
.......# ..#####.#
....#..## ...
...##...# #.#
..####..## #.#
.### #...# #..


You could see a black bear (berserk) and a kobold.

Vanquished Creatures
  Sigmund (D:3)
  A necrophage (D:4)
  3 hounds (D:4)
  Ijyb (D:3)
  Natasha (thrice) (D:3)
  2 orc wizards (D:4)
  A gnoll (D:1)
  8 adders
  2 worms (D:2)
  2 dart slugs (D:1)
  7 orcs
  10 endoplasms
  4 giant cockroaches
  8 hobgoblins
  2 jackals (D:3)
  6 kobolds
  6 quokkas
  8 ball pythons
  5 bats
  5 frilled lizards
  8 goblins
  8 rats
101 creatures vanquished.

Vanquished Creatures (others)
  235 foxfires
235 creatures vanquished.

Grand Total: 336 creatures vanquished

Notes
Turn   | Place    | Note
-------+----------+-------------------------------------------
     0 | D:1      | kae the Tengu Fire Elementalist began the quest for the
                  | Orb.
     0 | D:1      | Reached XP level 1. HP: 10/10 MP: 4/4
   113 | D:1      | Reached XP level 2. HP: 16/16 MP: 0/6
   607 | D:1      | Reached XP level 3. HP: 20/20 MP: 5/7
   610 | D:1      | Learned a level 2 spell: Scorch
   614 | D:1      | Learned a level 3 spell: Conjure Flame
   725 | D:1      | Found Odigem's Book Shoppe.
   937 | D:1      | Found a faded altar of an unknown god.
  1585 | D:2      | Reached skill level 1 in Fighting
  1655 | D:2      | Reached skill level 4 in Fire Magic
  1655 | D:2      | Reached XP level 4. HP: 25/25 MP: 3/8
  2956 | D:3      | Gained mutation: Your magical nature lets you fly swiftly
                  | and evasively. [Tengu growth]
  2956 | D:3      | Reached XP level 5. HP: 23/29 MP: 4/10
  3090 | D:3      | Learned a level 3 spell: Inner Flame
  3590 | D:3      | Noticed Natasha
  3654 | D:3      | Found Asameiru's Book Emporium.
  3741 | D:3      | Noticed Ijyb
  4477 | D:4      | Reached XP level 6. HP: 13/35 MP: 4/11
  4707 | D:4      | Noticed Edmund
  5509 | D:4      | Reached skill level 5 in Fire Magic
  5812 | D:3      | Killed Natasha
  5835 | D:3      | Noticed Sigmund
  6065 | D:3      | Noticed Natasha
  6070 | D:3      | Killed Natasha
  6200 | D:3      | Found Asameiru's Book Emporium.
  6671 | D:3      | Killed Sigmund
  6672 | D:3      | Reached XP level 7. HP: 32/40 MP: 4/13
  7070 | D:3      | Noticed Natasha
  7076 | D:3      | Killed Natasha
  7501 | D:3      | Killed Ijyb
  7895 | D:4      | HP: 2/40 [black bear (9)]
  7895 | D:4      | Slain by a black bear

Illustrated notes

Levels and vault maps discovered:
D:1:      amcnicky_arrival_single_pillar, layout_basic, serial_shops,
          nicolae_shop_statue_plus, basic_ecumenical_altar
D:2:      layout_loops_ring, minmay_box_of_dots
D:3:      layout_basic, serial_shops, nicolae_shop_statue_plus, serial_aquarium,
          aquarium_bridge_square [aquarium_subvault_window,
          aquarium_subvault_bridge, aquarium_subvault_bridge,
          aquarium_subvault_window], aquarium_window_corner, aquarium_window_1,
          aquarium_view_2d, aquarium_balcony_1a, aquarium_pool_S,
          minmay_quadrilaterals, uniq_ijyb, uniq_sigmund, uniq_natasha
D:4:      layout_loops_ring, gammafunk_temple_overflow_wave, minmay_crossroads,
          uniq_blork_the_orc, uniq_edmund

Skill      XL: |  1  2  3  4  5  6 |
---------------+-------------------+-----
Conjurations   | 2 3 |  3.8
Fighting       | 1 2 |  2.5
Fire Magic     | 4 5 |  5.7
Stealth        | 3 4 |  4.9
Spellcasting   | 3 |  3.4
Dodging        | |  2.1

Action                   |  1- 3 |  4- 6 |  7- 9 || total
-------------------------+-------+-------+-------++-------
Melee: Unarmed           |     1 |       |       ||     1
       Spear             |     7 |     7 |       ||    14
       Kick              |     2 |     2 |       ||     4
 Cast: Foxfire           |    55 |    73 |    17 ||   145
       Scorch            |     1 |    48 |     7 ||    56
       Conjure Flame     |       |     2 |     4 ||     6
  Use: Scroll            |     3 |     1 |     5 ||     9
 Stab: Sleeping          |     2 |     1 |       ||     3
Armor: Robe              |     3 |    10 |     2 ||    15
Dodge: Dodged            |    30 |    55 |    10 ||    95

Table legend: (Time is in decaauts)
 A = Elapsed time spent in this place.
 B = Non-inter-level travel time spent in this place.
 C = Inter-level travel time spent in this place.
 D = Time resting spent in this place.
 E = Time spent auto-exploring this place.
 F = Levels seen in this place.
 G = Mean time per level.
                   A        B        C        D        E       F      G
               +--------+--------+--------+--------+--------+-----+--------+
         Total |   7622 |   7238 |    384 |    868 |   5541 |   4 | 1905.5 |
       Dungeon |   7622 |   7238 |    384 |    868 |   5541 |   4 | 1905.5 |
               +--------+--------+--------+--------+--------+-----+--------+

Top non-repeatable levels by time:
     D:3: 3930 daAuts
     D:1: 1472 daAuts
     D:4: 1187 daAuts
     D:2: 1031 daAuts
